 Dungeon Crawl Stone Soup version 0.30.0 (webtiles) character file.

Game seed: 14409667615625412982

35 Minorbread the Magician (level 3, -2/19 HPs)
             Began as a Deep Elf Hedge Wizard on May 24, 2023.
             Killed from afar by a goblin (21 damage)
             ... with a bolt of dispelling energy
             ... on level 2 of the Dungeon.
             The game lasted 00:02:24 (1838 turns).

Minorbread the Magician (Deep Elf Hedge Wizard)     Turns: 1838, Time: 00:02:24

Health: -2/19      AC:  2    Str:  7    XL:     3   Next: 17%
Magic:  11/11      EV: 12    Int: 20    God:
Gold:   130        SH:  0    Dex: 14    Spells: 7/12 levels left

rFire   . . .        k - +1 dagger (protect)
rCold   . . .        (no shield)
rNeg    . . .        b - +0 robe
rPois   .            c - +0 hat
rElec   .            (no cloak)
rCorr   .            (no gloves)
SInv    .            (no boots)
Will    .....        (no amulet)
Stlth   ++           (no ring)
HPRegen 0.23/turn    (no ring)
MPRegen 0.12/turn

%: no passive effects
@: no status effects
A: no striking features
a: no special abilities


You were on level 2 of the Dungeon.
You visited 1 branch of the dungeon, and saw 2 of its levels.

You collected 130 gold pieces.

Inventory:

Hand Weapons
 k - a +1 dagger of protection (weapon)
Armour
 b - a +0 robe (worn)
 c - a +0 hat (worn)
Scrolls
 g - a scroll of brand weapon {unknown}
 l - a scroll of blinking {unknown}
Potions
 a - a potion of heal wounds {unknown}
 d - a potion of magic
 e - 2 potions of lignification {unknown}
 f - a potion of attraction {unknown}
 h - a potion of resistance {unknown}
 i - a potion of curing {unknown}
 j - a potion of degeneration {unknown}
 m - a potion of berserk rage {unknown}
 n - a potion of invisibility {unknown}


   Skills:
 - Level 2.4 Dodging
 - Level 2.4 Stealth
 - Level 5.0 Spellcasting
 + Level 2.7 Conjurations
 + Level 1.4 Summonings
 - Level 1.1 Translocations


You had 7 spell levels left.
You knew the following spells:

 Your Spells              Type           Power      Damage    Failure   Level
a - Magic Dart            Conj           64%        1d6       3%          1
b - Blink                 Tloc           18%        N/A       11%         2
c - Call Imp              Summ           20%        N/A       10%         2

Your spell library contained the following spells:

 Spells                   Type           Power      Damage    Failure   Level
 Slow                     Hex            20%        N/A       12%         1
 Sting                    Tmut/Pois      20%        1d4       12%         1
 Cigotuvi's Dreadful Rot  Necr/Pois/Air  10%        N/A       17%         2
 Poisonous Vapours        Pois/Air       10%        N/A       17%         2
 Dazzling Flash           Conj/Hex       20%        N/A       21%         3
 Mephitic Cloud           Conj/Pois/Air  8%         N/A       24%         3
 Volatile Blastmotes      Fire/Tloc      14%        2d11      28%         3
 Iskenderun's Mystic Bla  Conj/Tloc      12%        2d5       45%         4
 Olgreb's Toxic Radiance  Pois           5%         N/A       75%         4
 Starburst                Conj/Fire      5%         6d4       100%        6


Dungeon Overview and Level Annotations

Branches:
Dungeon (2/15)

Altars:

Shops:
D:1 =


Message History

You kill the goblin!
Casting: Magic Dart (safe; 3% risk of failure)
Confirm with . or Enter, or press ? or * to list all spells.
You can't see any susceptible monsters within range! (Use Z to cast anyway.) Unknown command.
m - an emerald potion You now have 105 gold pieces (gained 17).
You see here a ball python corpse.
There is a stone staircase leading up here.
A kobold comes into view. It is wielding a +0 dagger.
Casting: Magic Dart (safe; 3% risk of failure)
Confirm with . or Enter, or press ? or * to list all spells.
Aiming: Magic Dart (safe; 3% risk of failure)
Press: ? - help, Shift-Dir - straight line, f - kobold
Aim: a kobold, wielding a +0 dagger, wearing a +0 leather armour and quivering stones (wandering, hasn't noticed you, 100% to hit)
The magic dart hits the kobold.
The kobold is moderately wounded.
The kobold shouts!
The kobold throws a stone.
The stone hits you.
Casting: Magic Dart (safe; 3% risk of failure)
Confirm with . or Enter, or press ? or * to list all spells.
Aiming: Magic Dart (safe; 3% risk of failure)
Press: ? - help, Shift-Dir - straight line, f/p - kobold
Aim: a kobold, wielding a +0 dagger, wearing a +0 leather armour and quivering stones (moderately wounded, 100% to hit)
The magic dart hits the kobold.
You kill the kobold!
n - a fuming amethyst potion You now have 130 gold pieces (gained 25).
Things that are here:
a +0 dagger; 3 stones; a +0 leather armour
There is a shaft here.
There is an open door here.
There is an open door here.
You open the door.
A goblin comes into view.
It is wielding a +0 club and carrying a wand of quicksilver (9).
The goblin shouts!
The goblin zaps a wand.
The bolt of dispelling energy hits you!!
Ouch! That really hurt!
You die...

##.. #.. # ##. #' ### ##
... ..# # .... ### #.#
### ..... ##.###.# #..
......####...##.######.#
......'@................
......####...##.######.#
..... ##.###.# #.# ....
### #.# #.# g.. #.# #..
# #' #.# ### # # #.# .
..# # ###


You could see a goblin.

Vanquished Creatures
  A dart slug (D:1)
  2 bats (D:1)
  3 endoplasms
  A giant cockroach (D:1)
  3 goblins
  3 hobgoblins (D:1)
  2 quokkas (D:2)
  3 ball pythons
  3 frilled lizards (D:1)
  5 kobolds
  4 rats
30 creatures vanquished.

Notes
Turn   | Place    | Note
-------+----------+-------------------------------------------
     0 | D:1      | Minorbread the Deep Elf Hedge Wizard began the quest for
                  | the Orb.
     0 | D:1      | Reached XP level 1. HP: 10/10 MP: 7/7
   220 | D:1      | Found Alubbyad's Jewellery Emporium.
   451 | D:1      | Reached XP level 2. HP: 15/15 MP: 7/9
   664 | D:1      | Reached skill level 5 in Spellcasting
  1247 | D:1      | Learned a level 2 spell: Blink
  1250 | D:1      | Learned a level 2 spell: Call Imp
  1406 | D:2      | Reached XP level 3. HP: 19/19 MP: 7/11
  1838 | D:2      | Killed from afar by a goblin

Illustrated notes

Levels and vault maps discovered:
D:1:      mrwooster_arrival_statue, layout_basic, serial_shops,
          nicolae_shop_tiny_real_fake_doors
D:2:      layout_loops_corners

Skill      XL: |  1  2 |
---------------+-------+-----
Conjurations   | 2 |  2.7
Spellcasting   | 5 |  5.0
Dodging        | |  2.4
Stealth        | |  2.4
Summonings     | |  1.4
Translocations | |  1.1

Action                     || total
---------------------------++-------
  Melee: Dagger            ||     1
   Cast: Magic Dart        ||    68
 Armour: Robe              ||     2
  Dodge: Dodged            ||     4
